 Dungeon Crawl Stone Soup version 0.30.0-15-g856e2d3f33 (webtiles) character file.

Game seed: 3499145972316416755

23 Sobieck the Trooper (level 2, 24/24 HPs)
             Began as a Mummy Fighter on May 19, 2023.
             Was a Follower of Sif Muna.
             Safely got out of the dungeon.
             The game lasted 00:02:25 (699 turns).

Sobieck the Trooper (Mummy Fighter)                  Turns: 699, Time: 00:02:26

Health: 24/24      AC:  6    Str: 19    XL:     2   Next: 72%
Magic:  2/2        EV:  9    Int:  7    God:    Sif Muna [*.....]
Gold:   57         SH:  4    Dex: 11    Spells: 1/1 levels left

rFire   x . .        a - +0 war axe {axe}
rCold   + . .        c - +0 buckler
rNeg    + + +        b - +0 scale mail
rPois   ∞            (no helmet)
rElec   .            (no cloak)
rCorr   .            (no gloves)
SInv    .            (no boots)
Will    .....        e - amulet of the acrobat Stlth
                     i - ring of flight
HPRegen 0.24/turn    (no ring)
MPRegen 0.08/turn

%: acrobat, faith
@: flying
A: cold resistance 1, negative energy resistance 3, torment resistance 2, heat
vulnerability 1, no potions, faith
a: Renounce Religion, Channel Magic


You escaped.
You worshipped Sif Muna.
Sif Muna was aware of your devotion.
You visited 1 branch of the dungeon, and saw 1 of its levels.

You collected 57 gold pieces.


Innate Abilities, Weirdness & Mutations

You are immune to poison.
Your flesh is cold resistant. (rC+)
You are immune to negative energy. (rN+++)
You are immune to unholy pain and torment.
You are vulnerable to heat. (rF-)
You do not drink.
You have a special connection with the divine. (Faith)


   Skills:
 + Level 3.1 Fighting
 + Level 2.3 Axes
 + Level 2.5 Armour
 + Level 2.5 Shields


You had one spell level left.
You didn't know any spells.
Your spell library was empty.

Inventory:

Hand Weapons
 a - a +0 war axe (weapon) {axe}
Armour
 b - a +0 scale mail (worn)
 c - a +0 buckler (worn)
Jewellery
 e - an amulet of the acrobat (around neck)
   (You found it on level 1 of the Dungeon)
 i - a ring of flight (left hand)
   (You found it on level 1 of the Dungeon)
Scrolls
 d - 2 scrolls of identify {unknown}
 f - a scroll of torment {unknown}
 g - a scroll of poison {unknown}
 h - a scroll of teleportation {unknown}

Dungeon Overview and Level Annotations

Branches:
Dungeon (1/15) Zot: 5276

Altars:
Sif Muna
Lugonu

Portals:
Abyss: D:1

Annotations:
D:1 2 runed translucent doors

..♣...♣.♣♣.♣...♣.♣#..........####
......♣♣.♣♣..♣♣♣.♣#..###.........
....♣..♣.♣.♣♣♣..♣♣#..###....#####
♣..♣.♣.♣..♣♣♣.♣..♣#..............
.♣♣..♣..♣.♣...♣♣.♣#.####.....####
.♣♣.)♣..♣♣.♣♣♣♣..♣#.####.....#
.♣.....♣.♣..♣..♣.♣#.##.......####
..♣...♣.)♣♣..♣♣..♣#.##.#.#.......
♣....♣.♣♣...♣..♣@♣#..........###.
♣♣♣♣♣♣♣♣♣♣♣♣♣♣♣♣♣♣#.##.#.###.# #.
#############....#.# #.# #. ###
.................#.# #.# #. ..#
###.####.#######.#.# #.# #. #.#
#.####.#### #.#.# #.# #.
#'#######.........####.#.###.###.
.......##...........#..#.........
.......##...........#..#####..###


There were no monsters in sight!


Message History

The ball python constricts you. The ball python bites you.
The ball python constricts you.
You closely miss the ball python. You block the ball python's attack.
The ball python constricts you.
The ball python bites you but does no damage.
The ball python constricts you.
You slash the ball python!
You kill the ball python!
No target in view!
Unknown command.
d - 2 scrolls labelled KOAF HIQOUSHRA (gained 1)
Found a stone staircase leading down.
Unknown command.
You open the door.
A rat comes into view.
Danger!
A rat is nearby!
The rat closely misses you.
You completely miss the rat. The rat bites you but does no damage.
You hit the rat.
You kill the rat!
No target in view!
g - a scroll labelled FICVIR FOSI Unknown command.
A frilled lizard and a rat come into view.
Danger!
Unknown command.
You hit the rat.
You kill the rat!
You barely miss the frilled lizard.
The frilled lizard bites you but does no damage.
You block the frilled lizard's attack.
You miss the frilled lizard. The frilled lizard misses you.
You barely miss the frilled lizard. The frilled lizard bites you.
You slash the frilled lizard!
You kill the frilled lizard!
No target in view!
No target in view!
You now have 45 gold pieces (gained 12).
You see here a rat corpse.
A hobgoblin comes into view.
The hobgoblin shouts!
Danger!
The hobgoblin completely misses you.
You barely miss the hobgoblin. The hobgoblin barely misses you.
You hit the hobgoblin.
The hobgoblin hits you but does no damage.
The hobgoblin closely misses you.
You slash the hobgoblin!
You kill the hobgoblin!
No target in view!
No target in view!
h - a scroll labelled SOAGHY HOTUMIMNO A hobgoblin comes into view.
The hobgoblin shouts!
Danger!
You barely miss the hobgoblin. You block the hobgoblin's attack.
You barely miss the hobgoblin. The hobgoblin closely misses you. x2
You closely miss the hobgoblin.
The hobgoblin hits you but does no damage.
You hit the hobgoblin.
You kill the hobgoblin!
No target in view!
You now have 57 gold pieces (gained 12).
You open the door.
i - a ring of flight Unknown command.
Found a faded altar of an unknown god.
Unknown command.
You fly up into the air.
i - a ring of flight (left hand) Unknown command.
There is a faded altar of an unknown god here.
This altar belongs to (a) Wu Jian, (b) Sif Muna or (c) Qazlal, but you can't tell which.
Press the corresponding letter to learn more about a god, or press enter to convert or escape to cancel.
Sif Muna accepts your prayer! Sif Muna welcomes you!
You can now call upon Sif Muna for magical energy.
You see here a human skeleton.
A frilled lizard comes into view.
The frilled lizard hisses angrily.
Danger!
You barely miss the frilled lizard.
The frilled lizard bites you but does no damage.
You miss the frilled lizard.
The frilled lizard bites you but does no damage. x2
You slash the frilled lizard!
You kill the frilled lizard!
Sif Muna accepts your kill.
No target in view!
No target in view!
You see here a rat skeleton.
Things that are here:
a +0 club {mace}; a +0 club {mace}
There is a staircase leading out of the dungeon here.
Are you sure you want to leave the Dungeon?
This will make you lose the game! [Y]es or [N]o only, please.
Are you sure you want to leave the Dungeon?
This will make you lose the game! [Y]es or [N]o only, please.
Are you sure you want to leave the Dungeon?
This will make you lose the game!
You have escaped!

Skill      XL: |  1 |
---------------+----+-----
Axes           | 2 |  2.3
Fighting       | |  3.1
Armour         | |  2.5
Shields        | |  2.5

Action                     || total
---------------------------++-------
  Melee: War axe           ||    58
 Armour: Scale mail        ||    39
  Dodge: Dodged            ||    40
  Block: Buckler           ||    15

Levels and vault maps discovered:
D:1:      erik_arrival_cave_to_civilisation [erik_arrival_cave_to_temple],
          layout_basic, shapermc_ecumenical_altar_pompeii, minmay_pentomino_o4

Notes
Turn   | Place    | Note
-------+----------+-------------------------------------------
     0 | D:1      | Sobieck the Mummy Fighter began the quest for the Orb.
     0 | D:1      | Reached XP level 1. HP: 18/18 MP: 1/1
    33 | D:1      | Reached skill level 2 in Axes
    51 | D:1      | Reached XP level 2. HP: 23/24 MP: 2/2
   125 | D:1      | Found a large runed translucent door.
   125 | D:1      | Found a large runed translucent door.
   130 | D:1      | Found a one-way gate to the infinite horrors of the Abyss.
   132 | D:1      | Found a corrupted altar of Lugonu.
   492 | D:1      | Found a faded altar of an unknown god.
   500 | D:1      | Prayed at the altar of an unknown god.
   500 | D:1      | Became a worshipper of Sif Muna the Loreminder
   500 | D:1      | Reached * piety under Sif Muna
   699 | D:$      | Safely got out of the dungeon.

Vanquished Creatures
  2 endoplasms (D:1)
  3 goblins (D:1)
  4 hobgoblins (D:1)
  A jackal (D:1)
  3 ball pythons (D:1)
  2 bats (D:1)
  4 frilled lizards (D:1)
  3 rats (D:1)
22 creatures vanquished.

Table legend:
 A = Non-vault XP
 B = Vault XP
 C = Vault XP percentage of total XP
 D = Non-vault monster count
 E = Vault monster count
 F = Vault count percentage of total count
                 A         B        C        D         E       F
            +---------+---------+-------+---------+---------+-------
      Total |      29 |       4 |  12.1 |      19 |       3 |  13.6
            +---------+---------+-------+---------+---------+-------
        D:1 |      29 |       4 |  12.1 |      19 |       3 |  13.6
            +---------+---------+-------+---------+---------+-------

Skill      XL: |  1 |
---------------+----+-----
Axes           | 2 |  2.3
Fighting       | |  3.1
Armour         | |  2.5
Shields        | |  2.5

Action                     || total
---------------------------++-------
  Melee: War axe           ||    58
 Armour: Scale mail        ||    39
  Dodge: Dodged            ||    40
  Block: Buckler           ||    15

Illustrated notes

Table legend:
 A = Kills in this place as a percentage of kills in the entire game.
 B = Kills by you in this place as a percentage of kills by you in the entire game.
 C = Kills by friends in this place as a percentage of kills by friends in the entire game.
 D = Other kills in this place as a percentage of other kills in the entire game.
 E = Experience gained in this place as a percentage of experience gained in the entire game.
 F = Experience gained in this place divided by the number of levels of this place that you have seen.
                   A       B       C       D       E      F
               +-------+-------+-------+-------+-------+----------------------
         Total | 100.0 | 100.0 |   N/A |   N/A | 100.0 |  33.0
       Dungeon | 100.0 | 100.0 |   N/A |   N/A | 100.0 |  33.0
               +-------+-------+-------+-------+-------+----------------------

Table legend: (Time is in decaauts)
 A = Elapsed time spent in this place.
 B = Non-inter-level travel time spent in this place.
 C = Inter-level travel time spent in this place.
 D = Time resting spent in this place.
 E = Time spent auto-exploring this place.
 F = Levels seen in this place.
 G = Mean time per level.
                   A        B        C        D        E       F      G
               +--------+--------+--------+--------+--------+-----+--------+
         Total |    723 |    618 |    105 |     35 |    414 |   1 |  723.0 |
       Dungeon |    723 |    618 |    105 |     35 |    414 |   1 |  723.0 |
               +--------+--------+--------+--------+--------+-----+--------+

Top non-repeatable levels by time:
     D:1: 723 daAuts
